 Dungeon Crawl Stone Soup version 0.28-a0-834-g1a73be5ee4 (webtiles) character file.

Game seed: 6431932409116890357

53 Crownlay the Chopper (level 3, -1/31 HPs)
             Began as a Hill Orc Fighter on Nov 11, 2021.
             Was a Follower of Beogh.
             Succumbed to an adder's poison
             ... on level 2 of the Dungeon.
             The game lasted 00:01:39 (1491 turns).

Crownlay the Chopper (Hill Orc Fighter)             Turns: 1491, Time: 00:01:40

Health: -1/31      AC:  6    Str: 19    XL:     3   Next: 87%
Magic:  3/3        EV:  9    Int:  8    God:    Beogh [*.....]
Gold:   90         SH:  4    Dex: 10    Spells: 2/2 levels left

rFire   . . .      SeeInvis .   a - +0 war axe
rCold   . . .      Faith    .   c - +0 buckler
rNeg    . . .      Spirit   .   b - +0 scale mail
rPois   .          Reflect  .   (no helmet)
rElec   .          Harm     .   (no cloak)
rCorr   .          Rampage  .   (no gloves)
Will    .....                   (no boots)
Stlth   ..........              (no amulet)
HPRegen 0.10/turn               h - ring of flight
MPRegen 0.08/turn               (no ring)

@: lethally poisoned (-1 -> -9), flying
A: no striking features
a: Renounce Religion


You were on level 2 of the Dungeon.
You worshipped Beogh.
Beogh was aware of your devotion.
You visited 1 branch of the dungeon, and saw 2 of its levels.

You collected 90 gold pieces.

Inventory:

Hand Weapons
 a - a +0 war axe (weapon)
Armour
 b - a +0 scale mail (worn)
 c - a +0 buckler (worn)
Jewellery
 h - a ring of flight (left hand)
Scrolls
 g - 4 scrolls of teleportation
Potions
 d - a potion of might
 e - a potion of attraction {unknown}
 f - a potion of curing {unknown}


   Skills:
 - Level 3.6 Fighting
 * Level 4.7 Axes
 - Level 3.2 Armour
 - Level 4.0 Shields


You had 2 spell levels left.
You didn't know any spells.
Your spell library was empty.

Dungeon Overview and Level Annotations

Branches:
Dungeon (2/15)

Altars:
Beogh


Message History

An adder is nearby!
You slash the adder!
The adder is severely wounded.
The adder bites you.
You are poisoned.
The adder poisons you!
You closely miss the adder.
The adder is severely wounded.
You feel sick. The adder completely misses you. The adder bites you.
You miss the adder.
The adder is severely wounded.
You feel sick. The adder bites you.
You are more poisoned.
The adder poisons you! The adder bites you.
You are too injured to fight recklessly!
You are too injured to fight recklessly!
You closely miss the adder.
The adder is severely wounded.
You feel very sick. The adder bites you but does no damage.
You hit the adder but do no damage.
The adder is severely wounded.
You feel sick. You block the adder's attack. The adder closely misses you.
You barely miss the adder.
The adder is severely wounded.
You feel sick. The adder bites you.
* * * LOW HITPOINT WARNING * * *
You are lethally poisoned!
The adder poisons you!
You barely miss the adder.
The adder is severely wounded.
* * * LOW HITPOINT WARNING * * *
You feel very sick. The adder closely misses you. The adder bites you.
* * * LOW HITPOINT WARNING * * *
Okay, then.
You hit the adder.
You kill the adder!
Beogh accepts your kill.
You die...

#.... # #.# #.# #
..... #.# #.# #.###
>.##. #.# #.# #....
#.# ##...##.# ###.#
..#
###.#.#.#.########...
#.#
.........)..........
..#
##.#.#.#.########...
..######
##.##.....##.# ##.#
........
.......@.†...# #.#
.#####.#
######.#.##### #.#
<####.(. #.#.# ..#
......# #.#.# ###
#####... #.#.#
....... #.... #######
###.# ..# ###


There were no monsters in sight!

Vanquished Creatures
  2 adders (D:2)
  A dart slug (D:2)
  2 bats
  7 endoplasms
  2 giant cockroaches (D:2)
  5 goblins
  3 hobgoblins
  A quokka (D:1)
  7 ball pythons
  4 frilled lizards
  3 kobolds
  2 rats
39 creatures vanquished.

Notes
Turn   | Place    | Note
-------+----------+-------------------------------------------
     0 | D:1      | Crownlay the Hill Orc Fighter began the quest for the Orb.
     0 | D:1      | Reached XP level 1. HP: 19/19 MP: 1/1
   251 | D:1      | Reached XP level 2. HP: 26/26 MP: 2/2
   363 | D:1      | Found a faded altar of an unknown god.
   733 | D:1      | Reached XP level 3. HP: 31/31 MP: 3/3
   921 | D:1      | Prayed at the altar of an unknown god.
   921 | D:1      | Became a worshipper of Beogh the Brigand
   921 | D:1      | Reached * piety under Beogh
  1490 | D:2      | HP: 1/31 [adder (4)]
  1491 | D:2      | Succumbed to an adder's poison

Illustrated notes

Levels and vault maps discovered:
D:1:      amcnicky_arrival_gap_in_the_tavern_cellar, layout_loops_ring,
          dreamdust_ecumenical_altar_grove, minmay_stone_trees_medium,
          feat_on_display
D:2:      minmay_general_purpose_star, layout_loops_ring,
          guppyfry_early_lair_pool

Skill      XL: |  1  2  3 |
---------------+----------+-----
Axes           | 3 4 |  4.7
Shields        | 4 |  4.0
Fighting       | |  3.6
Armour         | |  3.2

Action                   || total
-------------------------++-------
Melee: War axe           ||   101
  Use: Scroll            ||     1
Armor: Scale mail        ||    50
Dodge: Dodged            ||    41
Block: Buckler           ||    17

Table legend: (Time is in decaauts)
 A = Elapsed time spent in this place.
 B = Non-inter-level travel time spent in this place.
 C = Inter-level travel time spent in this place.
 D = Time resting spent in this place.
 E = Time spent auto-exploring this place.
 F = Levels seen in this place.
 G = Mean time per level.
                   A        B        C        D        E       F      G
               +--------+--------+--------+--------+--------+-----+--------+
         Total |   1521 |   1430 |     91 |      0 |   1162 |   2 |  760.5 |
       Dungeon |   1521 |   1430 |     91 |      0 |   1162 |   2 |  760.5 |
               +--------+--------+--------+--------+--------+-----+--------+

Top non-repeatable levels by time:
     D:1: 992 daAuts
     D:2: 529 daAuts
